 Dungeon Crawl Stone Soup version 0.31.0 (webtiles) character file.

Game seed: 14187696026999096700

115 qw the Shooter (level 5, 0/32 HPs)
             Began as a Gargoyle Hunter on Jan 19, 2024.
             Slain by Eustachio
             ... wielding a +0 rapier
              (8 damage)
             ... on level 4 of the Dungeon.
             The game lasted 00:00:14 (2947 turns).

qw the Shooter (Gargoyle Hunter)                    Turns: 2947, Time: 00:00:14

Health: 0/32       AC:  9    Str: 15      XL:     5   Next: 0%
Magic:  5/5        EV: 10    Int:  9      God:
Gold:   184        SH:  0    Dex: 13 (15) Spells: 4/4 levels left

rFire   . . .        a - +1 shortbow
rCold   . . .        (shield currently unavailable)
rNeg    + . .        d - +0 ring mail
rPois   inf          (no helmet)
rElec   +            j - scarf {repulsion}
rCorr   .            (no gloves)
SInv    +            (no boots)
Will    .....        (no amulet)
Stlth   +            f - ring of see invisible
HPRegen 0.25/turn    (no ring)
MPRegen 0.09/turn

%: repel missiles
@: no status effects
A: sickness immunity, AC +4, negative energy resistance 1, electricity
resistance, torment resistance 1, petrification resistance
a: no special abilities


You were on level 4 of the Dungeon.
You visited 1 branch of the dungeon, and saw 4 of its levels.

You collected 184 gold pieces.


Innate Abilities, Weirdness & Mutations

You are immune to sickness and miasma.
Your stone body is resilient. (AC +4)
You are immune to poison.
You resist negative energy. (rN+)
You are resistant to electric shocks. (rElec)
You are resistant to unholy torment.
You are immune to petrification.


   Skills:
 - Level 3.3 Fighting
 + Level 5.5 Ranged Weapons
 - Level 1.0 Armour
 - Level 1.5 Dodging
 - Level 1.1 Stealth


You had 4 spell levels left.
You didn't know any spells.
Your spell library was empty.

Inventory:

Hand Weapons
 a - a +1 shortbow (weapon)
Armour
 d - a +0 ring mail (worn)
 j - a scarf of repulsion (worn)
Jewellery
 f - a ring of see invisible (left hand)
Potions
 c - a potion of curing {unknown}
 g - a potion of heal wounds {unknown}
 h - a potion of magic {unknown}

Dungeon Overview and Level Annotations

Branches:
Dungeon (4/15)
 Temple: D:4-7

Altars:
Xom

Annotations:
D:4 Eustachio


Message History

Eustachio casts a spell.
The river rat bites you. The crimson imp closely misses you.
The white imp hits you but does no damage.
Eustachio hits you but does no damage.
The river rat bites you but does no damage.
2943 ||| RETREEEEATING.
You shoot an arrow. The arrow hits the river rat!
You kill the river rat!
The river rat's corpse disappears in a puff of smoke!
The white imp laughs crazily.
The white imp barely misses you.
The crimson imp hits you but does no damage.
Eustachio mumbles some strange words.
Eustachio blinks!
The quokka closely misses you.
2944 ||| RETREEEEATING.
You shoot an arrow. The arrow hits the quokka!
You kill the quokka!
The quokka's corpse disappears in a puff of smoke!
The white imp hits you but does no damage.
The crimson imp blinks!
The white imp barely misses you. The white imp hits you.
The white imp freezes you.
2945 ||| RETREEEEATING.
You shoot an arrow. The arrow barely misses Eustachio.
The quokka misses you. Eustachio hits you with a +0 rapier.
The quokka closely misses you. The white imp gestures at you.
The puff of frost misses you.
The puff of frost hits Eustachio.
The white imp closely misses you.
2946 ||| RETREEEEATING.
You shoot an arrow.
The arrow hits Eustachio but does no damage.
Eustachio is heavily wounded.
Eustachio hits you with a +0 rapier.
The quokka bites you but does no damage.
The white imp barely misses you. The white imp completely misses you.
Eustachio closely misses you.
2947 ||| RETREEEEATING.
You shoot an arrow. The arrow barely misses Eustachio.
The quokka barely misses you. The white imp gestures at you.
The puff of frost hits you.
The white imp hits you but does no damage.
The quokka barely misses you. Eustachio hits you with a +0 rapier!
You die...
Eustachio twirls his moustache.

###### ######## ###
####....# #......####..
#..#....# #......#..'..
#..#....# #......'..#..
#..#..5r# #......##+#..
#..#.r5@####<.....#..#..
#..#####@5........#..#..
#......#..........#..#<.
#......#..........##+...
#......#..............##
#......#..............#(
#..##..#..............'(
#..#######'#....##..#.#(
#...'......########...##


You could see Eustachio, a crimson imp (summoned), 2 white imps and 2 quokkas.

Vanquished Creatures
  2 orc wizards (D:3)
  An adder (D:3)
  3 dart slugs
  6 orcs (D:3)
  5 bats
  2 giant cockroaches
  A goblin (D:1)
  6 hobgoblins
  3 jackals (D:2)
  7 kobolds
  A quokka (D:2)
  2 ball pythons
  4 frilled lizards (D:1)
  A rat (D:1)
44 creatures vanquished.

Notes
Turn   | Place    | Note
-------+----------+-------------------------------------------
     0 | D:1      | qw the Gargoyle Hunter began the quest for the Orb.
     0 | D:1      | Reached XP level 1. HP: 12/12 MP: 1/1
     0 | D:1      | 0 ||| qw: Version: 0.3-a-132-g3d54051
     0 | D:1      | 0 ||| qw: Game counter: 319
     0 | D:1      | 0 ||| qw: Melee chars always use a shield: true
     0 | D:1      | 0 ||| qw: God list: Okawaru
     0 | D:1      | 0 ||| qw: Allow faded altars: false
     0 | D:1      | 0 ||| qw: Do Orc after clearing Dungeon:15 true
     0 | D:1      | 0 ||| qw: Do second Lair branch before Depths: true
     0 | D:1      | 0 ||| qw: Lair rune preference: random
     0 | D:1      | 0 ||| qw: Goals: Normal
     0 | D:1      | 0 ||| PLANNING D:1-11
   120 | D:1      | Reached XP level 2. HP: 17/17 MP: 2/2
   658 | D:1      | Reached XP level 3. HP: 21/21 MP: 3/3
   918 | D:1      | 918 ||| UPGRADING to scarf of repulsion.
   923 | D:1      | 923 ||| READING 2 scrolls labelled XEUJINOUSU.
   923 | D:1      | 923 ||| IDENTIFYING green potion
   924 | D:1      | 924 ||| READING scroll of identify.
   924 | D:1      | 924 ||| IDENTIFYING scroll labelled YLUDOGHO MEESM
   925 | D:1      | 925 ||| READING scroll labelled VEATZE PEXT.
   926 | D:1      | 926 ||| READING scroll labelled FOEG DURRUITT.
   930 | D:1      | 930 ||| READING scroll labelled XYLIKIENTE.
   931 | D:1      | 931 ||| READING scroll labelled UXEJI LAATEP.
   947 | D:1      | 947 ||| READING scroll labelled HUEDOGERIK.
   947 | D:1      | 947 ||| ENCHANTING +0 shortbow.
   948 | D:1      | 948 ||| DROPPING scroll of butterflies.
   949 | D:1      | 949 ||| DROPPING scroll of amnesia.
   950 | D:1      | 950 ||| DROPPING potion of lignification.
   990 | D:2      | Reached skill level 5 in Ranged Weapons
   998 | D:2      | 998 ||| DROPPING +2 sling of electrocution.
  1002 | D:2      | 1002 ||| FLEEEEING.
  1003 | D:2      | 1003 ||| FLEEEEING.
  1004 | D:2      | 1004 ||| FLEEEEING.
  1006 | D:2      | 1006 ||| FLEEEEING.
  1008 | D:2      | 1008 ||| FLEEEEING.
  1019 | D:2      | 1019 ||| FLEEEEING.
  1024 | D:2      | 1024 ||| STAIRDANCE
  1560 | D:2      | 1560 ||| UPGRADING to +0 ring mail.
  1570 | D:2      | 1570 ||| DROPPING +0 leather armour.
  1571 | D:2      | 1571 ||| UPGRADING to ring of see invisible.
  1572 | D:2      | 1572 ||| READING 2 scrolls of identify.
  1572 | D:2      | 1572 ||| IDENTIFYING scroll labelled QOKKOEBOTUL
  1573 | D:2      | 1573 ||| READING scroll of identify.
  1573 | D:2      | 1573 ||| IDENTIFYING scroll labelled LAJE JEOSU
  1574 | D:2      | 1574 ||| DROPPING scroll of vulnerability.
  1575 | D:2      | 1575 ||| DROPPING scroll of revelation.
  1704 | D:3      | Reached skill level 1 in Armour
  1791 | D:3      | Reached skill level 3 in Fighting
  1791 | D:3      | Reached XP level 4. HP: 20/28 MP: 4/4
  1797 | D:3      | HP: 6/28 [orc wizard/puff of flame (5)]
  1798 | D:3      | 1798 ||| READING 2 scrolls of teleportation.
  2586 | D:3      | 2586 ||| READING scroll labelled ISTETOSODUP.
  2586 | D:3      | 2586 ||| ENCHANTING +1 shortbow.
  2619 | D:4      | Reached XP level 5. HP: 32/32 MP: 5/5
  2700 | D:4      | Noticed Eustachio
  2703 | D:4      | 2703 ||| RETREEEEATING.
  2705 | D:4      | 2705 ||| RETREEEEATING.
  2706 | D:4      | 2706 ||| RETREEEEATING.
  2707 | D:4      | 2707 ||| RETREEEEATING.
  2708 | D:4      | 2708 ||| RETREEEEATING.
  2709 | D:4      | 2709 ||| RETREEEEATING.
  2720 | D:4      | 2720 ||| RETREEEEATING.
  2723 | D:4      | 2723 ||| FLEEEEING.
  2735 | D:4      | HP: 8/32 [ufetubus[Eustachio] (1)]
  2736 | D:4      | 2736 ||| READING scroll of teleportation.
  2741 | D:4      | 2741 ||| FLEEEEING.
  2744 | D:4      | 2744 ||| STAIRDANCE
  2891 | D:4      | Found a shimmering altar of Xom.
  2918 | D:4      | 2918 ||| RETREEEEATING.
  2919 | D:4      | 2919 ||| RETREEEEATING.
  2920 | D:4      | 2920 ||| RETREEEEATING.
  2921 | D:4      | 2921 ||| RETREEEEATING.
  2922 | D:4      | 2922 ||| RETREEEEATING.
  2923 | D:4      | 2923 ||| RETREEEEATING.
  2940 | D:4      | 2940 ||| RETREEEEATING.
  2941 | D:4      | 2941 ||| RETREEEEATING.
  2942 | D:4      | 2942 ||| RETREEEEATING.
  2943 | D:4      | 2943 ||| RETREEEEATING.
  2944 | D:4      | 2944 ||| RETREEEEATING.
  2945 | D:4      | 2945 ||| RETREEEEATING.
  2946 | D:4      | 2946 ||| RETREEEEATING.
  2947 | D:4      | 2947 ||| RETREEEEATING.
  2947 | D:4      | HP: 8/32 [white imp/puff of frost[Eustachio] (4)]
  2947 | D:4      | Slain by Eustachio

Levels and vault maps discovered:
D:1:      spicycebolla_arrival_ecumenical, layout_loops_ring, serial_glass,
          glass_columns_c, glass_columns_c, chequers_big_river
D:2:      layout_loops_cross, hangedman_feature_mirror,
          chequers_serial_rivers_small_3, minmay_misc_feat_five, nicolae_titane
D:3:      layout_loops_corners, minmay_misc_feat_iff
D:4:      layout_gridville, regret_index_xom_buried_treasure,
          mainiacjoe_overflow_surrounded_room, uniq_eustachio, uniq_grinder

Skill      XL: |  1  2  3 |
---------------+----------+-----
Ranged Weapons | 5 |  5.5
Armour         | 1 |  1.0
Fighting       | 3 |  3.3
Dodging        | |  1.5
Stealth        | |  1.1

Action                     |  1- 3 |  4- 6 || total
---------------------------+-------+-------++-------
   Fire: Shortbow          |    91 |   120 ||   211
    Use: Scroll            |     9 |     3 ||    12
 Armour: Leather armour    |    13 |       ||    13
         Ring mail         |    17 |   103 ||   120
  Dodge: Dodged            |    23 |    88 ||   111

Table legend:
 A = Non-vault XP
 B = Vault XP
 C = Vault XP percentage of total XP
 D = Non-vault monster count
 E = Vault monster count
 F = Vault count percentage of total count
                 A         B        C        D         E       F
            +---------+---------+-------+---------+---------+-------
      Total |     161 |       4 |   2.4 |      42 |       2 |   4.5
            +---------+---------+-------+---------+---------+-------
        D:1 |      34 |       0 |   0.0 |      19 |       0 |   0.0
        D:2 |      15 |       4 |  21.1 |       8 |       2 |  20.0
        D:3 |     110 |       0 |   0.0 |      14 |       0 |   0.0
        D:4 |       2 |       0 |   0.0 |       1 |       0 |   0.0
            +---------+---------+-------+---------+---------+-------
